 Dungeon Crawl Stone Soup version 0.24-a0-584-g9d6b971ae4 (webtiles) character file.

Game seed: 11291506330398294987, levelgen mode: deterministic

86289 Melior the Thaumaturge (level 15, -1/115 HPs)
             Began as a Gnoll Wizard on Sept 2, 2019.
             Was the Champion of Vehumet.
             Slain by a red ugly thing (19 damage)
             ... on level 14 of the Dungeon on Sept 3, 2019.
             The game lasted 02:30:55 (29941 turns).

Melior the Thaumaturge (Gnoll Wizard)              Turns: 29941, Time: 02:30:56

Health: -1/115     AC: 15    Str: 19    XL:     15   Next: 86%
Magic:  19/31      EV: 20    Int: 27    God:    Vehumet [******]
Gold:   2691       SH:  7    Dex: 17    Spells: 5/38 levels left

rFire    . . .     SeeInvis .   L - +11 falchion of Lamiun {speed, rC+}
rCold    + . .     Gourm    .   S - +0 buckler
rNeg     + + .     Faith    .   z - +2 leather armour {rN+}
rPois    +         Spirit   .   b - +0 helmet
rElec    .         Reflect  .   J - +0 cloak
rCorr    .         Harm     .   E - +1 pair of gloves "Nyiwnan" {rN+ Str+9 Stlth+}
MR       +....                  X - +2 pair of boots "Qantoix" {rPois}
Stlth    ++++++....             (no amulet)
HPRegen  0.29/turn              W - +2 ring of dexterity
MPRegen  0.22/turn              n - +2 ring of intelligence

@: no status effects
A: distributed training, fangs 1, strong nose
a: Renounce Religion


You were on level 14 of the Dungeon.
You worshipped Vehumet.
Vehumet was exalted by your worship.
You were near starving.

You visited 4 branches of the dungeon, and saw 24 of its levels.
You also visited: Sewer and Ice Cave.

You collected 2736 gold pieces.
You spent 45 gold pieces at shops.

Inventory:

Hand Weapons
 L - the +11 falchion of Lamiun (weapon) {speed, rC+}
   (You took it off an orc on level 7 of the Dungeon)

   Attacks with this weapon are significantly faster.
   It protects you from cold.
Missiles
 M - 10 curare-tipped darts (quivered)
 P - 6 throwing nets
Armour
 b - a +0 helmet (worn)
 z - a +2 leather armour of positive energy (worn)
 E - the +1 pair of gloves "Nyiwnan" (worn) {rN+ Str+9 Stlth+}
   (You found it on level 2 of the Lair of Beasts)

   It affects your strength (+9).
   It protects you from negative energy.
   It makes you more stealthy.
 J - a +0 cloak (worn)
 S - a +0 buckler (worn)
 X - the +2 pair of boots "Qantoix" (worn) {rPois}
   (You found it on level 1 of the Lair of Beasts)

   It protects you from poison.
Jewellery
 n - a +2 ring of intelligence (right hand)
 v - an uncursed ring of protection from cold
 W - a +2 ring of dexterity (left hand)
Wands
 o - a wand of acid (41)
 u - a wand of enslavement (11)
 B - a wand of iceblast (8)
 I - a wand of disintegration (20)
 N - a wand of clouds (5)
 U - a wand of flame (14)
 V - a wand of paralysis (12)
Scrolls
 c - a scroll of vulnerability {unknown}
 h - 2 scrolls of magic mapping
 i - 2 scrolls of amnesia
 m - 7 scrolls of fog
 q - 7 scrolls of blinking
 x - 5 scrolls of remove curse
 A - a scroll of fear
 F - 2 scrolls of noise {unknown}
 R - 8 scrolls of teleportation
 Y - a scroll of summoning {unknown}
Potions
 a - 2 potions of cancellation {unknown}
 e - 3 potions of might
 j - 2 potions of lignification {unknown}
 l - 3 potions of agility
 p - 4 potions of magic
 r - 9 potions of curing
 s - 9 potions of heal wounds
 w - 4 potions of flight
 C - 2 potions of haste {unknown}
 D - 4 potions of brilliance
 K - 2 potions of mutation {unknown}
 O - a potion of invisibility {unknown}
 T - 3 potions of resistance
Miscellaneous
 k - a lamp of fire
 Q - a box of beasts
 Z - a crystal ball of energy
Comestibles
 d - 29 rations


   Skills:
 + Level 10.2 Fighting
 + Level 10.2 Short Blades
 + Level 10.2 Long Blades
 + Level 10.2 Axes
 + Level 10.2 Maces & Flails
 + Level 10.2 Polearms
 + Level 10.2 Staves
 + Level 10.2 Slings
 + Level 10.2 Bows
 + Level 10.2 Crossbows
 + Level 10.2 Throwing
 + Level 10.2 Armour
 + Level 11.1 Dodging
 + Level 11.0 Stealth
 + Level 10.2 Shields
 + Level 10.2 Unarmed Combat
 + Level 12.2 Spellcasting
 + Level 8.9 Conjurations
 + Level 8.6 Hexes
 + Level 8.6 Charms
 + Level 8.9 Summonings
 + Level 8.6 Necromancy
 + Level 8.9 Translocations
 + Level 8.6 Transmutations
 + Level 8.6 Fire Magic
 + Level 8.6 Ice Magic
 + Level 8.6 Air Magic
 + Level 8.6 Earth Magic
 + Level 8.6 Poison Magic
 + Level 11.0 Invocations
 + Level 10.2 Evocations


You had 5 spell levels left.
You knew the following spells:

 Your Spells              Type           Power        Failure   Level  Hunger
a - Stone Arrow           Conj/Erth      ######       1%          3    None
b - Blink                 Tloc           N/A          1%          2    None
c - Spellforged Servitor  Conj/Summ      ######....   21%         7    ######.
e - Mephitic Cloud        Conj/Pois/Air  ######..     1%          3    None
f - Bolt of Magma         Conj/Fire/Erth ######....   1%          5    ###....
g - Lee's Rapid Deconstr  Erth           ######....   1%          5    ###....
h - Fireball              Conj/Fire      ######....   1%          5    ###....
i - Ignite Poison         Fire/Tmut/Pois ######..     1%          3    None

Your spell library contained the following spells:

 Spells                   Type           Power        Failure   Level  Hunger
 Beastly Appendage        Tmut           ######       1%          1    None
 Confusing Touch          Hex            ######       1%          1    None
 Flame Tongue             Conj/Fire      #####        1%          1    None
 Freeze                   Ice            ####         1%          1    None
 Magic Dart               Conj           ####         1%          1    None
 Sandblast                Erth           ######       1%          1    None
 Call Imp                 Summ           ######..     1%          2    None
 Passwall                 Tmut/Erth      ######..     1%          2    None
 Slow                     Hex            ######..     1%          2    None
 Sticks to Snakes         Tmut           ######..     1%          2    None
 Swiftness                Chrm/Air       ######..     1%          2    None
 Throw Flame              Conj/Fire      ######       1%          2    None
 Throw Frost              Conj/Ice       ######       1%          2    None
 Confuse                  Hex            ######..     1%          3    None
 Conjure Flame            Conj/Fire      ######..     1%          3    None
 Gell's Gravitas          Tloc           ######....   1%          3    None
 Inner Flame              Hex/Fire       ######..     1%          3    None
 Ozocubu's Armour         Chrm/Ice       ######..     1%          3    None
 Spider Form              Tmut/Pois      ######....   1%          3    None
 Ice Form                 Ice/Tmut       ######..     1%          4    None
 Passage of Golubria      Tloc           N/A          1%          4    None
 Petrify                  Tmut/Erth      ######..     1%          4    None
 Sticky Flame             Conj/Fire      ######..     1%          4    None
 Summon Ice Beast         Ice/Summ       ######..     1%          4    None
 Throw Icicle             Conj/Ice       ######..     1%          4    None
 Yara's Violent Unravell  Hex/Tmut       ######....   1%          5    ###....
 Blade Hands              Tmut           ######....   3%          5    ###....
 Metabolic Englaciation   Hex/Ice        ######....   3%          5    ###....
 Bolt of Cold             Conj/Ice       ######....   4%          6    #####..
 Freezing Cloud           Conj/Ice/Air   ######....   4%          6    #####..
 Ozocubu's Refrigeration  Ice            ######....   4%          6    #####..
 Poison Arrow             Conj/Pois      ######....   4%          6    #####..
 Darkness                 Hex            ######....   17%         6    #####..
 Invisibility             Hex            ######..     17%         6    #####..
 Simulacrum               Ice/Necr       ######....   17%         6    #####..
 Chain Lightning          Conj/Air       ######....   83%         8    #######
 Lehudib's Crystal Spear  Conj/Erth      ######....   83%         8    #######
 Fire Storm               Conj/Fire      ######....   100%        9    #######
 Glaciate                 Conj/Ice       ######....   100%        9    #######


Dungeon Overview and Level Annotations

Branches:
Dungeon (15/15)            Temple (1/1) D:7            Lair (6/6) D:11
  Swamp (0/4) Lair:2        Snake (0/4) Lair:3        Slime (0/5) Lair:6
    Orc (2/2) D:9             Elf (0/3) Orc:2        Vaults (0/5) D:14
  Sewer (visited)           IceCv (visited)
 Depths: D:15

Altars:
Cheibriados
Dithmenos
Elyvilon
Gozag
Hepliaklqana
Kikubaaqudgha
Makhleb
Nemelex Xobeh
Okawaru
Qazlal
Ru
Sif Muna
Trog
Uskayaw
Vehumet
Wu Jian
Xom
Yredelemnul
The Shining One
Beogh
Jiyva

Shops:
D:2 *   D:11 (   D:12 ?   Orc:2 *[([:=:

Annotations:
Lair:5 2 transporters, bmj180's ghost, journeyman GrEE


Innate Abilities, Weirdness & Mutations

Your experience applies equally to all skills.
You have very sharp teeth.
Your uncanny sense of smell can sniff out nearby items.


Message History

The red ugly thing gores you!
You are engulfed in flames!!
You slash the red ugly thing!
The red ugly thing is lightly wounded.
The red ugly thing gores you!
You are engulfed in flames!
* * * LOW HITPOINT WARNING * * *
The brown ugly thing tentacle-slaps the red ugly thing!
The red ugly thing is splashed with acid.
The brown ugly thing basks in the mutagenic energy from its kin and changes!
The brown ugly thing seems less confused.
The brown ugly thing basks in the mutagenic energy from its kin and changes!
There is a stone staircase leading up, spattered with blood here.
You block the red ugly thing's attack.
You climb upwards.
There is a stone staircase leading down here.
Casting: Mephitic Cloud (safe; 1% risk of failure)
Confirm with . or Enter, or press ? or * to list all spells.
You blink.
The red ugly thing gores you.
* * * LOW HITPOINT WARNING * * *
You are engulfed in flames!!
You die...

##........##.......#...
##...##)##.#####.##.....
#######.#.#.#.##.#
#...).....
#.............##.#
##.###....
####.#####.#.#.#.##.# #.#
##... .....# ##...##.##.#
#.# #### .....#
#####........# #)# ##.#.#
#.....###.########.# #.#.#
#.###....@.........#######
#.#.###.#
###.#u#######.###.[...
#.#.#.(.# #.#§# #.# #.####
#.#.#.### #.#÷# #.# #.#
#.#.#.# #.#.# ##.###.#
#.#.#.# #.#.######...##.#
#.#.#.# #.#......../....#
##.#.#.#####
#.########...####
#..........###.# ##.##


You could see a red ugly thing.

Vanquished Creatures
  An orc warlord (Orc:2)
  A very ugly thing (D:14)
  Snorg (Orc:2)
  Harold (D:9)
  A vault guard (D:14)
  5 hydras
  A centaur warrior (D:11)
  A shambling mangrove (Lair:2)
  Erica (Lair:1)
  9 two-headed ogres
  6 death yaks
  Sonja (D:12)
  An unseen horror (D:13)
  Pikel (D:7)
  A wizard (D:14)
  A deep elf mage (D:12)
  2 orc sorcerers
  5 oklob plants (Lair:2)
  2 cyclopes
  3 manticores (D:14)
  9 ugly things
  3 black mambas (Lair:6)
  4 elephants
  An ice statue (IceCv)
  A torpor snail (Lair:4)
  2 gargoyles
  20 spiny frogs
  6 komodo dragons
  An efreet (D:15)
  5 rime drakes
  A yaktaur (D:14)
  4 trolls
  A troll (shapeshifter) (D:14)
  11 polar bears (IceCv)
  A slime creature (D:7)
  4 tyrant leeches (Lair:6)
  2 bog bodies (Lair:2)
  18 blink frogs
  11 hippogriffs
  63 yaks
  6 wyverns
  A spriggan (Lair:4)
  4 hogs (D:7)
  A human (D:7)
  4 basilisks
  6 vampire mosquitoes
  A hungry ghost (D:8)
  Menkaure (D:7)
  6 wargs
  3 acid dragons
  18 water moccasins
  Duvessa (D:5)
  15 porcupines
  40 orc warriors
  A slave (D:7)
  7 ice beasts
  2 sky beasts
  A black bear (Lair:2)
  2 phantoms
  7 centaurs
  2 necrophages
  24 wolves
  10 ogres
  14 crocodiles
  5 big kobolds
  18 bullfrogs
  A gnoll sergeant (D:8)
  Dowan (D:5)
  5 scorpions
  21 killer bees
  An electric eel (Lair:6)
  3 wights (D:13)
  A howler monkey (D:9)
  10 crimson imps
  6 centaur zombies
  2 bullfrog zombies
  A quasit (D:9)
  6 hounds
  5 jellies
  Crazy Yiuf (D:7)
  22 orc priests
  3 centaur skeletons
  32 orc wizards
  2 bullfrog skeletons
  5 iguanas
  Ijyb (D:3)
  Terence (D:2)
  17 worker ants
  A hound zombie (D:10)
  A hound skeleton (D:6)
  10 gnolls
  3 worker ant zombies
  15 adders
  3 howler monkey skeletons
  A river rat (Sewer)
  A shadow imp (D:12)
  12 white imps (Lair:1)
  2 oozes
  2 adder zombies
  A worm (D:2)
  5 dart slugs
  9 leopard geckos
  121 orcs
  6 giant cockroaches
  10 goblins
  10 hobgoblins
  6 jackals
  7 quokkas
  4 ball pythons
  9 bats
  11 frilled lizards
  29 kobolds
  A leopard gecko skeleton (D:7)
  A quokka zombie (D:5)
  11 rats
  17 plants
869 creatures vanquished.

Vanquished Creatures (collateral kills)
  A killer bee (D:10)
  An orc priest (D:8)
2 creatures vanquished.

Vanquished Creatures (others)
  A frost giant (IceCv)
  An unseen horror (D:14)
  3 polar bears (IceCv)
  An orc warrior (D:7)
  3 slaves (D:7)
  A wolf (IceCv)
  9 fungi
  44 plants
63 creatures vanquished.

Grand Total: 934 creatures vanquished

Notes
Turn   | Place    | Note
-------+----------+-------------------------------------------
     0 | D:1      | Melior the Gnoll Wizard began the quest for the Orb.
     0 | D:1      | Reached XP level 1. HP: 13/13 MP: 8/8
    37 | D:1      | Reached XP level 2. HP: 19/19 MP: 0/10
   315 | D:1      | Reached XP level 3. HP: 25/25 MP: 8/11
   319 | D:1      | Learned a level 2 spell: Blink
   322 | D:1      | Learned a level 2 spell: Call Imp
   326 | D:1      | Learned a level 3 spell: Conjure Flame
   330 | D:1      | Learned a level 3 spell: Mephitic Cloud
   729 | D:1      | Reached skill level 1 in Invocations
   878 | D:2      | Reached skill level 1 in Fighting
   878 | D:2      | Reached skill level 1 in Short Blades
   878 | D:2      | Reached skill level 1 in Long Blades
   878 | D:2      | Reached skill level 1 in Axes
   878 | D:2      | Reached skill level 1 in Maces & Flails
   878 | D:2      | Reached skill level 1 in Polearms
   878 | D:2      | Reached skill level 1 in Staves
   878 | D:2      | Reached skill level 1 in Slings
   878 | D:2      | Reached skill level 1 in Bows
   878 | D:2      | Reached skill level 1 in Crossbows
   878 | D:2      | Reached skill level 1 in Throwing
   878 | D:2      | Reached skill level 1 in Armour
   878 | D:2      | Reached skill level 1 in Shields
   878 | D:2      | Reached skill level 1 in Unarmed Combat
   878 | D:2      | Reached skill level 1 in Evocations
   932 | D:2      | Reached XP level 4. HP: 32/32 MP: 9/13
  1016 | D:2      | Found an opulent altar of Gozag.
  1020 | D:2      | Found Gozag's Platinum Reserve.
  1059 | D:2      | Found a shimmering blue altar of Sif Muna.
  1060 | D:2      | Found a snail-covered altar of Cheibriados.
  1343 | D:2      | Reached skill level 1 in Hexes
  1343 | D:2      | Reached skill level 1 in Charms
  1343 | D:2      | Reached skill level 1 in Necromancy
  1343 | D:2      | Reached skill level 1 in Transmutations
  1343 | D:2      | Reached skill level 1 in Fire Magic
  1343 | D:2      | Reached skill level 1 in Ice Magic
  1343 | D:2      | Reached skill level 1 in Air Magic
  1343 | D:2      | Reached skill level 1 in Earth Magic
  1343 | D:2      | Reached skill level 1 in Poison Magic
  1410 | D:2      | Noticed Terence
  1431 | D:2      | Killed Terence
  1431 | D:2      | Reached XP level 5. HP: 37/37 MP: 2/14
  1595 | D:2      | Found a basalt altar of Yredelemnul.
  1869 | D:3      | Noticed Ijyb
  2070 | D:3      | Found a glowing drain.
  2076 | Sewer    | Entered a sewer
  2783 | D:3      | Reached XP level 6. HP: 36/44 MP: 6/16
  2832 | D:3      | Killed Ijyb
  3177 | D:4      | Reached skill level 5 in Dodging
  3250 | D:4      | Noticed a phantom
  3272 | D:4      | Killed a phantom
  3602 | D:4      | Reached XP level 7. HP: 50/50 MP: 14/18
  3668 | D:4      | Noticed a wyvern
  3682 | D:4      | Killed a wyvern
  4023 | D:4      | Reached skill level 5 in Stealth
  4475 | D:4      | Reached XP level 8. HP: 57/57 MP: 9/19
  4621 | D:5      | Entered Level 5 of the Dungeon
  4732 | D:5      | Found a glowing golden altar of the Shining One.
  4990 | D:5      | Found an iron altar of Okawaru.
  5229 | D:5      | Reached skill level 8 in Spellcasting
  5462 | D:5      | Noticed Duvessa
  5463 | D:5      | Noticed Dowan
  5497 | D:5      | Killed Duvessa
  5594 | D:5      | Killed Dowan
  5754 | D:5      | Reached XP level 9. HP: 65/65 MP: 11/21
  5921 | D:5      | Found a sacrificial altar of Ru.
  6064 | D:6      | Found an ancient bone altar of Kikubaaqudgha.
  6331 | D:6      | Got a smoking hand axe
  6332 | D:6      | Identified the +11 hand axe of Grandeur {protect, +Rage
                  | MP+9 Int-5 Stlth+} (You found it on level 6 of the Dungeon)
  7507 | D:7      | Noticed Pikel
  7570 | D:7      | Noticed Menkaure
  7575 | D:7      | Killed Pikel
  7575 | D:7      | Reached skill level 5 in Invocations
  7584 | D:7      | Killed Menkaure
  7970 | D:7      | Identified the +11 falchion of Lamiun {speed, rC+}
  7982 | D:7      | Reached XP level 10. HP: 37/73 MP: 22/22
  8222 | D:7      | Reached skill level 5 in Fighting
  8222 | D:7      | Reached skill level 5 in Short Blades
  8222 | D:7      | Reached skill level 5 in Long Blades
  8222 | D:7      | Reached skill level 5 in Axes
  8222 | D:7      | Reached skill level 5 in Maces & Flails
  8222 | D:7      | Reached skill level 5 in Polearms
  8222 | D:7      | Reached skill level 5 in Staves
  8222 | D:7      | Reached skill level 5 in Slings
  8222 | D:7      | Reached skill level 5 in Bows
  8222 | D:7      | Reached skill level 5 in Crossbows
  8222 | D:7      | Reached skill level 5 in Throwing
  8222 | D:7      | Reached skill level 5 in Armour
  8222 | D:7      | Reached skill level 5 in Shields
  8222 | D:7      | Reached skill level 5 in Unarmed Combat
  8222 | D:7      | Reached skill level 5 in Evocations
  8287 | D:7      | Found a staircase to the Ecumenical Temple.
  8294 | Temple   | Entered the Ecumenical Temple
  8315 | Temple   | Became a worshipper of Vehumet
  8393 | D:7      | Found a runed translucent door.
  8394 | D:7      | Noticed Crazy Yiuf
  8407 | D:7      | Killed Crazy Yiuf
  8641 | D:8      | Reached skill level 9 in Spellcasting
  8653 | D:8      | Noticed a gargoyle
  8686 | D:8      | Killed a gargoyle
  8793 | D:8      | Reached skill level 5 in Conjurations
  8793 | D:8      | Reached skill level 5 in Summonings
  8793 | D:8      | Reached skill level 5 in Translocations
  9001 | D:8      | Noticed a +0 dagger
  9001 | D:8      | Noticed a +0 dagger
  9003 | D:8      | Found a hide-covered altar of Uskayaw.
  9009 | D:8      | Reached * piety under Vehumet
  9009 | D:8      | Offered knowledge of Shock by Vehumet.
  9252 | D:8      | Found a shadowy altar of Dithmenos.
  9410 | D:9      | Noticed a two-headed ogre
  9625 | D:9      | Noticed Harold
  9652 | D:9      | Killed Harold
  9652 | D:9      | Offered knowledge of Freeze by Vehumet.
  9652 | D:9      | Reached XP level 11. HP: 28/81 MP: 17/24
  9878 | D:9      | Reached ** piety under Vehumet
  9999 | D:9      | Learned a level 3 spell: Stone Arrow
 10005 | D:9      | Learned a level 5 spell: Lee's Rapid Deconstruction
 10018 | D:9      | Learned a level 5 spell: Fireball
 10120 | D:9      | Found a staircase to the Orcish Mines.
 10484 | D:10     | Entered Level 10 of the Dungeon
 10671 | D:10     | Reached skill level 5 in Hexes
 10671 | D:10     | Reached skill level 5 in Charms
 10671 | D:10     | Reached skill level 5 in Necromancy
 10671 | D:10     | Reached skill level 5 in Transmutations
 10671 | D:10     | Reached skill level 5 in Fire Magic
 10671 | D:10     | Reached skill level 5 in Ice Magic
 10671 | D:10     | Reached skill level 5 in Air Magic
 10671 | D:10     | Reached skill level 5 in Earth Magic
 10671 | D:10     | Reached skill level 5 in Poison Magic
 10801 | D:10     | Offered knowledge of Ignite Poison by Vehumet.
 10806 | D:10     | Learned a level 3 spell: Ignite Poison
 11467 | D:11     | Noticed a cyan ugly thing
 11477 | D:11     | Killed a cyan ugly thing
 11667 | D:11     | Noticed a centaur warrior
 11673 | D:11     | Noticed a red ugly thing
 11686 | D:11     | Killed a red ugly thing
 11686 | D:11     | Reached *** piety under Vehumet
 11689 | D:11     | Killed a centaur warrior
 11798 | D:11     | Noticed a death yak
 11826 | D:11     | Noticed a death yak
 11859 | D:11     | Killed a death yak
 11946 | D:11     | Noticed a death yak
 11946 | D:11     | Noticed a death yak
 11947 | D:11     | Noticed a death yak
 11975 | D:11     | Killed a death yak
 12132 | D:11     | Killed a death yak
 12132 | D:11     | Reached XP level 12. HP: 64/89 MP: 23/25
 12277 | D:11     | Killed a death yak
 12284 | D:11     | Killed a death yak
 12518 | D:11     | Offered knowledge of Airstrike by Vehumet.
 12528 | D:11     | Learned a level 4 spell: Airstrike
 12540 | D:11     | Found a staircase to the Lair.
 12571 | D:11     | Reached skill level 10 in Spellcasting
 12757 | D:11     | Found Saemp's Antique Weapon Boutique.
 13050 | D:12     | Noticed Sonja
 13075 | D:12     | Killed Sonja
 13131 | D:12     | Reached **** piety under Vehumet
 13306 | D:12     | Offered knowledge of Bolt of Draining by Vehumet.
 13572 | D:12     | Found Mied's Magic Scroll Shoppe.
 13575 | D:12     | Bought a scroll of magic mapping for 45 gold pieces
 13646 | Lair:1   | Entered Level 1 of the Lair of Beasts
 13792 | Lair:1   | Found a frozen archway.
 13792 | Lair:1   | Noticed Erica
 13809 | Lair:1   | Killed Erica
 13820 | Lair:1   | Got a pair of dazzling boots
 13831 | Lair:1   | Identified the +2 pair of boots "Qantoix" {rPois} (You
                  | found it on level 1 of the Lair of Beasts)
 13864 | IceCv    | Entered an ice cave
 14450 | IceCv    | Reached XP level 13. HP: 79/98 MP: 25/27
 15218 | IceCv    | Noticed a frost giant
 15229 | IceCv    | Killed a frost giant
 16419 | Lair:2   | Reached ***** piety under Vehumet
 16419 | Lair:2   | Offered knowledge of Bolt of Magma by Vehumet.
 16505 | Lair:2   | Found a staircase to the Swamp.
 18455 | Lair:2   | Got a pair of brightly glowing gloves
 18466 | Lair:2   | Identified the +1 pair of gloves "Nyiwnan" {rN+ Str+9
                  | Stlth+} (You found it on level 2 of the Lair of Beasts)
 18665 | Lair:3   | Reached skill level 11 in Spellcasting
 19358 | Lair:3   | Found a staircase to the Snake Pit.
 19836 | Lair:3   | Reached XP level 14. HP: 93/106 MP: 6/29
 19981 | Lair:3   | Learned a level 5 spell: Bolt of Magma
 21019 | Lair:5   | Found a transporter.
 21021 | Lair:5   | Found a bloodstained altar of Trog.
 21026 | Lair:5   | Found a transporter.
 21026 | Lair:5   | Identified the +7 spear of Risk Management {antimagic, rN+}
 21027 | Lair:5   | Noticed bmj180's ghost (journeyman GrEE)
 21032 | Lair:5   | Identified the +6 demon whip of Kuahops {slash, Dex+5}
 21074 | Lair:5   | Reached skill level 10 in Dodging
 21200 | Lair:5   | Offered knowledge of Throw Icicle by Vehumet.
 21837 | Lair:6   | Entered Level 6 of the Lair of Beasts
 22059 | Lair:6   | Reached skill level 10 in Stealth
 22651 | Lair:6   | Reached skill level 10 in Invocations
 24132 | Lair:6   | Found a viscous altar of Jiyva.
 24132 | Lair:6   | Found a staircase to the Slime Pits.
 24959 | D:13     | Reached XP level 15. HP: 114/114 MP: 15/30
 26222 | D:14     | Offered knowledge of Conjure Ball Lightning by Vehumet.
 26410 | D:14     | Reached skill level 12 in Spellcasting
 26687 | D:14     | Found a gate to the Vaults.
 26976 | Orc:1    | Entered Level 1 of the Orcish Mines
 26994 | D:9      | Reached skill level 10 in Fighting
 26994 | D:9      | Reached skill level 10 in Short Blades
 26994 | D:9      | Reached skill level 10 in Long Blades
 26994 | D:9      | Reached skill level 10 in Axes
 26994 | D:9      | Reached skill level 10 in Maces & Flails
 26994 | D:9      | Reached skill level 10 in Polearms
 26994 | D:9      | Reached skill level 10 in Staves
 26994 | D:9      | Reached skill level 10 in Slings
 26994 | D:9      | Reached skill level 10 in Bows
 26994 | D:9      | Reached skill level 10 in Crossbows
 26994 | D:9      | Reached skill level 10 in Throwing
 26994 | D:9      | Reached skill level 10 in Armour
 26994 | D:9      | Reached skill level 10 in Shields
 26994 | D:9      | Reached skill level 10 in Unarmed Combat
 26994 | D:9      | Reached skill level 10 in Evocations
 27163 | Orc:2    | Entered Level 2 of the Orcish Mines
 27163 | Orc:2    | Found Suigu's Book Boutique.
 27163 | Orc:2    | Found a staircase to the Elven Halls.
 27976 | Orc:2    | Found Ferhekur's Antique Armour Boutique.
 28054 | Orc:2    | Found a roughly hewn altar of Beogh.
 28174 | Orc:2    | Found a roughly hewn altar of Beogh.
 28191 | Orc:2    | Found Otwimyf's Assorted Antiques.
 28233 | Orc:2    | Reached ****** piety under Vehumet
 28244 | Orc:2    | Noticed Snorg
 28264 | Orc:2    | Killed Snorg
 28300 | Orc:2    | Noticed an orc warlord
 28334 | Orc:2    | Killed an orc warlord
 28768 | Orc:2    | Found a roughly hewn altar of Beogh.
 28781 | Orc:2    | Offered knowledge of Spellforged Servitor by Vehumet.
 28791 | Orc:2    | Learned a level 7 spell: Spellforged Servitor
 29042 | Orc:2    | Found a roughly hewn altar of Beogh.
 29195 | Orc:2    | Found Hisa's Antique Weapon Shoppe.
 29197 | Orc:2    | Found a roughly hewn altar of Beogh.
 29202 | Orc:2    | Found Onukep's Antique Armour Emporium.
 29253 | Orc:2    | Found Nofuteab's Jewellery Shop.
 29329 | Orc:2    | Found a roughly hewn altar of Beogh.
 29347 | Orc:2    | Found Ypoapeo's Book Shoppe.
 29655 | D:15     | Entered Level 15 of the Dungeon
 29941 | D:14     | Slain by a red ugly thing

Levels and vault maps discovered:
D:1:      matt_arrival_grand_opening, layout_rooms, roderic_serpentine_path
D:2:      layout_loops_ring, nicolae_gozag_zags_fifth_avenue,
          lemuel_doored_altar, chequers_temple_overflow_statue_of_worship,
          hangedman_glass_garden, minmay_misc_feat_plants, uniq_terence
D:3:      layout_loops_ring, portal_sewer_entry_e, uniq_ijyb
D:4:      layout_cave_pods, first_ration
D:5:      layout_loops_ring, lemuel_coloured_pillars_altar, okawaru_gym_becter,
          nicolae_overflow_crystal_walls, uniq_duvessa
D:6:      layout_loops_corners, kiku_gazebo_pond_becter
D:7:      hangedman_cross_stitches, layout_basic, minmay_temple_entry_slanted,
          grunt_livestock, chequers_serial_rivers_small_b,
          chequers_serial_rivers_micro_a, uniq_pikel, uniq_menkaure,
          uniq_crazy_yiuf_cottage
D:8:      layout_loops_ring, dancing_weapons_uskayaw,
          nicolae_dithmenos_through_a_glass_darkly
D:9:      layout_grid_maze, erik_orc_4, uniq_harold
D:10:     layout_roguey, serial_co_window_serial, co_window_paths_b,
          co_window_cross_1, co_window_paths_a, co_window_paths_a,
          co_window_of_opportunity_a, co_window_broadway_b, co_window_corner_cb,
          co_window_paths_c, co_window_unsneaky_path_c, co_window_corner_b,
          glass_columns_a
D:11:     layout_long_grid, dpeg_lair_monsters, serial_shops, shop
D:12:     layout_gridville, serial_shops, nicolae_shop_window_shopping,
          minmay_fractal_squares_5, uniq_sonja
D:13:     layout_rooms, minmay_misc_feat_encased
D:14:     layout_loops_ring, david_vaults_5, serial_park_tiny_2
D:15:     gammafunk_depths_entry_grave, layout_long_grid
Temple:   cyrus_circular_temple
Lair:1:   layout_cave_pods, portal_ice_cave_entry_imps, uniq_erica
Lair:2:   minmay_lair_oklob_tunnel, layout_regular_city,
          skrybe_swamp_entry_bodies, minmay_lair_oklob_chamber
Lair:3:   layout_cave_pods, dummy_snake_entry, beast_lair_carwin_5,
          grunt_megastairs_5
Lair:4:   layout_loops_ring, wad_woods_03, serial_bayou_shore_b,
          grunt_megastairs_3, lemuel_fruit_tree, serial_bayou_shore_a
Lair:5:   layout_roguey, gammafunk_ghost_wrathful_warriors
Lair:6:   minmay_lair_end_frog_pond, layout_small_grid,
          dpeg_slime_entry_enclosed_altar, serial_bayou_crossing,
          lemuel_fruit_fields
Orc:1:    layout_caves
Orc:2:    grunt_orc_community_town_hall, layout_caves,
          grunt_orc_community_big_house_2, grunt_orc_community_big_house_2,
          grunt_orc_community_house_2, grunt_orc_community_house_2,
          grunt_orc_community_house_1, grunt_orc_community_house_3,
          grunt_orc_community_house_1, serial_shops, shop,
          nicolae_shop_overgrown_old_shop, nicolae_shop_stone,
          nicolae_orc_tapped_out, uniq_snorg

Skill      XL: |  1  2  3  4  5  6  7  8  9 10 11 12 13 14 15 |
---------------+----------------------------------------------+-----
Conjurations   | 2 3 4 5 6 7 8 |  8.9
Summonings     | 2 3 4 5 6 7 8 |  8.9
Translocations | 2 3 4 5 6 7 8 |  8.9
Invocations    | 1 2 3 4 5 6 7 8 9 10 11 | 11.0
Fighting       | 1 2 3 4 5 6 7 8 9 10 | 10.2
Short Blades   | 1 2 3 4 5 6 7 8 9 10 | 10.2
Long Blades    | 1 2 3 4 5 6 7 8 9 10 | 10.2
Axes           | 1 2 3 4 5 6 7 8 9 10 | 10.2
Maces & Flails | 1 2 3 4 5 6 7 8 9 10 | 10.2
Polearms       | 1 2 3 4 5 6 7 8 9 10 | 10.2
Staves         | 1 2 3 4 5 6 7 8 9 10 | 10.2
Slings         | 1 2 3 4 5 6 7 8 9 10 | 10.2
Bows           | 1 2 3 4 5 6 7 8 9 10 | 10.2
Crossbows      | 1 2 3 4 5 6 7 8 9 10 | 10.2
Throwing       | 1 2 3 4 5 6 7 8 9 10 | 10.2
Armour         | 1 2 3 4 5 6 7 8 9 10 | 10.2
Shields        | 1 2 3 4 5 6 7 8 9 10 | 10.2
Unarmed Combat | 1 2 3 4 5 6 7 8 9 10 | 10.2
Evocations     | 1 2 3 4 5 6 7 8 9 10 | 10.2
Hexes          | 1 2 3 4 5 6 7 8 |  8.6
Charms         | 1 2 3 4 5 6 7 8 |  8.6
Necromancy     | 1 2 3 4 5 6 7 8 |  8.6
Transmutations | 1 2 3 4 5 6 7 8 |  8.6
Fire Magic     | 1 2 3 4 5 6 7 8 |  8.6
Ice Magic      | 1 2 3 4 5 6 7 8 |  8.6
Air Magic      | 1 2 3 4 5 6 7 8 |  8.6
Earth Magic    | 1 2 3 4 5 6 7 8 |  8.6
Poison Magic   | 1 2 3 4 5 6 7 8 |  8.6
Dodging        | 5 6 7 8 9 10 11 | 11.1
Stealth        | 5 6 7 8 9 10 11 | 11.0
Spellcasting   | 8 9 10 11 12 | 12.2

Action                   |  1- 3 |  4- 6 |  7- 9 | 10-12 | 13-15 || total
-------------------------+-------+-------+-------+-------+-------++-------
Melee: Unarmed           |     5 |       |       |       |       ||     5
       Bite              |     3 |     7 |    24 |    53 |   134 ||   221
       Dagger            |    24 |    55 |   163 |       |       ||   242
       Punch             |       |       |     4 |     4 |       ||     8
       Hand axe          |       |       |    68 |   185 |       ||   253
       Falchion          |       |       |       |   330 |   827 ||  1157
Throw: Dart              |       |     2 |     8 |     7 |     1 ||    18
       Throwing net      |       |       |       |     1 |       ||     1
 Cast: Magic Dart        |    64 |   166 |   219 |   212 |     1 ||   662
       Mephitic Cloud    |       |     8 |    45 |    69 |    24 ||   146
       Blink             |       |       |     7 |     2 |     9 ||    18
       Conjure Flame     |       |       |     2 |     5 |     1 ||     8
       Stone Arrow       |       |       |       |    59 |   438 ||   497
       Lee's Rapid Decon |       |       |       |     9 |    39 ||    48
       Fireball          |       |       |       |     3 |    53 ||    56
       Ignite Poison     |       |       |       |       |     3 ||     3
       Bolt of Magma     |       |       |       |       |    28 ||    28
Evoke: Wand              |       |       |       |     2 |     6 ||     8
  Use: Scroll            |       |     1 |    10 |     8 |    11 ||    30
       Potion            |       |       |       |       |     1 ||     1
 Stab: Distracted        |     1 |       |       |       |       ||     1
       Sleeping          |       |     8 |     2 |     7 |     4 ||    21
       Confused          |       |     4 |    22 |    46 |    20 ||    92
  Eat: Chunk             |       |     8 |    14 |    23 |    49 ||    94
       Ration            |       |       |       |       |     3 ||     3
Armor: Leather armour    |     5 |    10 |    41 |   132 |   134 ||   322
Dodge: Dodged            |    32 |    32 |    98 |   282 |   394 ||   838
Block: Buckler           |       |       |       |    55 |   184 ||   239
       Rpst.: Falchion   |       |       |       |    35 |   107 ||   142

Table legend:
 A = Non-vault XP
 B = Vault XP
 C = Vault XP percentage of total XP
 D = Non-vault monster count
 E = Vault monster count
 F = Vault count percentage of total count
                 A         B        C        D         E       F
            +---------+---------+-------+---------+---------+-------
      Total |   71576 |   51695 |  41.9 |     582 |     274 |  32.0
            +---------+---------+-------+---------+---------+-------
        D:1 |      57 |       0 |   0.0 |      25 |       0 |   0.0
        D:2 |     103 |      36 |  25.9 |      33 |       1 |   2.9
        D:3 |     136 |      36 |  20.9 |      25 |       1 |   3.8
        D:4 |     894 |       0 |   0.0 |      21 |       0 |   0.0
        D:5 |     838 |     231 |  21.6 |      34 |       2 |   5.6
        D:6 |     726 |     107 |  12.8 |      23 |       1 |   4.2
        D:7 |     708 |    2216 |  75.8 |      14 |      15 |  51.7
        D:8 |    1962 |     132 |   6.3 |      47 |       2 |   4.1
        D:9 |    2138 |    1342 |  38.6 |      25 |      15 |  37.5
       D:10 |    1340 |       0 |   0.0 |      21 |       0 |   0.0
       D:11 |    5774 |    4251 |  42.4 |      41 |       5 |  10.9
       D:12 |    1650 |    2031 |  55.2 |      21 |       6 |  22.2
       D:13 |    6684 |       0 |   0.0 |      31 |       0 |   0.0
       D:14 |   14098 |    2704 |  16.1 |      29 |       7 |  19.4
       D:15 |    2307 |       0 |   0.0 |       4 |       0 |   0.0
     Lair:1 |    3129 |    1072 |  25.5 |      12 |      13 |  52.0
     Lair:2 |    4141 |    4427 |  51.7 |      25 |       9 |  26.5
     Lair:3 |    2380 |    2689 |  53.0 |      14 |      15 |  51.7
     Lair:4 |    3351 |     736 |  18.0 |      17 |       4 |  19.0
     Lair:5 |    8236 |    1227 |  13.0 |      30 |       5 |  14.3
     Lair:6 |    6670 |   10667 |  61.5 |      22 |      39 |  63.9
      Orc:1 |    1586 |       0 |   0.0 |      41 |       0 |   0.0
      Orc:2 |    2668 |    6340 |  70.4 |      27 |      69 |  71.9
      Sewer |       0 |      40 | 100.0 |       0 |      15 | 100.0
      IceCv |       0 |   11411 | 100.0 |       0 |      50 | 100.0
            +---------+---------+-------+---------+---------+-------
